| TOP OF THE 1ST |
|
San Diego (APP) Padres batting - Pitching for Bristol Pirates : RHP Randy Nelligan
|
|
Pitching: RHP Randy Nelligan
|
|
|
Batting: LHB Phil Lerner
|
0-0: Ball 1-0: Swinging Strike 1-1: Swinging Strike 1-2: Ball 2-2: Strikes out swinging
|
|
Batting: RHB Max Stillo
|
0-0: Called Strike 0-1: Ground out 6-3 (Groundball, 56D, EV 103.1 MPH)
|
|
Batting: LHB Hugo MacBeth
|
0-0: Ball 1-0: Ground out 6-3 (Groundball, 56, EV 99.4 MPH)
|
| Top of the 1st over - 0 runs, 0 hits, 0 errors, 0 left on base; San Diego (APP) 0 - Bristol 0 |
| BOTTOM OF THE 1ST |
|
Bristol Pirates batting - Pitching for San Diego (APP) Padres : LHP Dae-Jung Cho
|
|
Pitching: LHP Dae-Jung Cho
|
|
|
Batting: SHB Don Hauk
|
0-0: Ball 1-0: Ball 2-0: Fly out, F3 (Popup, 3F, EV 74.4 MPH)
|
|
Batting: RHB Pete Hutton
|
0-0: Ball 1-0: Ground out 6-3 (Groundball, 6M, EV 80.6 MPH)
|
|
Batting: RHB Randy Bergman
|
0-0: Called Strike 0-1: Swinging Strike 0-2: Ball 1-2: Foul Ball, location: 2F 1-2: Strikes out looking
|
| Bottom of the 1st over - 0 runs, 0 hits, 0 errors, 0 left on base; San Diego (APP) 0 - Bristol 0 |
| TOP OF THE 2ND |
|
San Diego (APP) Padres batting - Pitching for Bristol Pirates : RHP Randy Nelligan
|
|
Batting: LHB Carlos Cuellar
|
0-0: Ball 1-0: Fly out, F8 (Flyball, 89XD, EV 108.1 MPH)
|
|
Batting: SHB Isaiah Scates
|
0-0: Ball 1-0: Swinging Strike 1-1: Ball 2-1: Ball 3-1: Base on Balls
|
|
Batting: LHB Tony Contreras
|
0-0: Ball 1-0: Swinging Strike 1-1: Foul Ball, location: 2F 1-2: Foul Ball, location: 2F 1-2: Ball 2-2: Ball 3-2: Foul Ball, location: 2F 3-2: SINGLE (Line Drive, 89M, EV 103.1 MPH) Isaiah Scates to second
|
|
Batting: RHB Brian DeVoe
|
0-0: 3-RUN HOME RUN (Flyball, 78XD, EV 102.5 MPH), Distance : 406 ft
|
|
Batting: RHB Aaron Joseph
|
0-0: SINGLE (Groundball, 6MD, EV 108.8 MPH)
|
|
Batting: RHB Ed Oake
|
0-0: Ball 1-0: Ball 2-0: Called Strike 2-1: Ball 3-1: Base on Balls Aaron Joseph to second
|
|
Batting: LHB Phil Lerner
|
0-0: Ball 1-0: Ball 2-0: Ball 3-0: Called Strike 3-1: Base on Balls Aaron Joseph to third Ed Oake to second
|
|
Batting: RHB Max Stillo
|
0-0: Foul Ball, location: 2F 0-1: Ball 1-1: Ball 2-1: Foul Ball, location: 2F 2-2: Foul Ball, location: 2F 2-2: Ball Wild Pitch! Aaron Joseph scores Ed Oake to third Phil Lerner to second 3-2: Fly out, F9 (Flyball, 9D, EV 105.6 MPH) Runner from 3rd tags up, SCORES, throw by RF Phil Lerner to third
|
|
Batting: LHB Hugo MacBeth
|
0-0: Called Strike 0-1: Ground out 5-3 (Groundball, 5, EV 86.2 MPH)
|
| Top of the 2nd over - 5 runs, 3 hits, 0 errors, 1 left on base; San Diego (APP) 5 - Bristol 0 |
| BOTTOM OF THE 2ND |
|
Bristol Pirates batting - Pitching for San Diego (APP) Padres : LHP Dae-Jung Cho
|
|
Batting: SHB Ronnie Brooks
|
0-0: Called Strike 0-1: Foul Ball, location: 2F 0-2: Foul Ball, location: 2F 0-2: Strikes out swinging
|
|
Batting: RHB Steve Terres
|
0-0: Called Strike 0-1: Ball 1-1: Ball 2-1: Swinging Strike 2-2: Foul Ball, location: 2F 2-2: Ball 3-2: Strikes out swinging
|
|
Batting: RHB Alain Marquet
|
0-0: Fly out, F7 (Line Drive, 78D, EV 93.8 MPH)
|
| Bottom of the 2nd over - 0 runs, 0 hits, 0 errors, 0 left on base; San Diego (APP) 5 - Bristol 0 |
| TOP OF THE 3RD |
|
San Diego (APP) Padres batting - Pitching for Bristol Pirates : RHP Randy Nelligan
|
|
Batting: LHB Carlos Cuellar
|
0-0: Foul Ball, location: 2F 0-1: Fly out, F5 (Line Drive, 56, EV 65.6 MPH)
|
|
Batting: SHB Isaiah Scates
|
0-0: Ball 1-0: Foul Ball, location: 2F 1-1: Ball 2-1: Foul Ball, location: 2F 2-2: Ball 3-2: Foul Ball, location: 2F 3-2: Ground out 4-3 (Groundball, 4M, EV 101.9 MPH)
|
|
Batting: LHB Tony Contreras
|
0-0: Ball 1-0: Ball 2-0: Ball 3-0: Base on Balls
|
|
Batting: RHB Brian DeVoe
|
0-0: Ball Pickoff Throw to First - Out! 1-3
|
| Top of the 3rd over - 0 runs, 0 hits, 0 errors, 0 left on base; San Diego (APP) 5 - Bristol 0 |
| BOTTOM OF THE 3RD |
|
Bristol Pirates batting - Pitching for San Diego (APP) Padres : LHP Dae-Jung Cho
|
|
Batting: RHB Andrew DeRicco
|
0-0: Foul Ball, location: 2F 0-1: Called Strike 0-2: Ball 1-2: Fly out, F8 (Flyball, 8RS, EV 85.6 MPH)
|
|
Batting: RHB Rob Colley
|
0-0: Foul Ball, location: 2F 0-1: Foul Ball, location: 2F 0-2: Strikes out swinging
|
|
Batting: RHB Erik Mulligan
|
0-0: Called Strike 0-1: Called Strike 0-2: Ball 1-2: Strikes out looking
|
| Bottom of the 3rd over - 0 runs, 0 hits, 0 errors, 0 left on base; San Diego (APP) 5 - Bristol 0 |
| TOP OF THE 4TH |
|
San Diego (APP) Padres batting - Pitching for Bristol Pirates : RHP Randy Nelligan
|
|
Batting: RHB Brian DeVoe
|
0-0: Ball 1-0: Called Strike 1-1: Ball 2-1: Called Strike 2-2: Ball 3-2: Base on Balls
|
|
Batting: RHB Aaron Joseph
|
0-0: Swinging Strike 0-1: Swinging Strike 0-2: Foul Ball, location: 2F 0-2: Ball 1-2: Ball 2-2: Fielders Choice at 2nd, 6-4 (Groundball, 56, EV 83.1 MPH)
|
|
Batting: RHB Ed Oake
|
0-0: Ball 1-0: SINGLE (Groundball, 34D, EV 97.5 MPH) Aaron Joseph to second Runner from 2nd tries for 3rd, OUT! 9-5 Ed Oake to second
|
|
Batting: LHB Phil Lerner
|
0-0: Ball 1-0: Called Strike 1-1: Swinging Strike 1-2: Strikes out looking
|
| Top of the 4th over - 0 runs, 1 hit, 0 errors, 1 left on base; San Diego (APP) 5 - Bristol 0 |
| BOTTOM OF THE 4TH |
|
Bristol Pirates batting - Pitching for San Diego (APP) Padres : LHP Dae-Jung Cho
|
|
Batting: SHB Don Hauk
|
0-0: Ball 1-0: Foul Ball, location: 2F 1-1: Swinging Strike 1-2: Strikes out looking
|
|
Batting: RHB Pete Hutton
|
0-0: Ball 1-0: Ball 2-0: Ball 3-0: Called Strike 3-1: Base on Balls
|
|
Batting: RHB Randy Bergman
|
0-0: Ball 1-0: Swinging Strike 1-1: Foul Ball, location: 2F 1-2: Ball 2-2: Ball 3-2: Strikes out swinging
|
|
Batting: SHB Ronnie Brooks
|
0-0: Called Strike 0-1: Called Strike 0-2: Foul Ball, location: 2F 0-2: Ball Pete Hutton is caught stealing 2nd base 2-4
|
| Bottom of the 4th over - 0 runs, 0 hits, 0 errors, 0 left on base; San Diego (APP) 5 - Bristol 0 |
| TOP OF THE 5TH |
|
San Diego (APP) Padres batting - Pitching for Bristol Pirates : RHP Randy Nelligan
|
|
Batting: RHB Max Stillo
|
0-0: Foul Ball, location: 2F 0-1: Foul Ball, location: 2F 0-2: SOLO HOME RUN (Line Drive, 8RXD, EV 111.2 MPH), Distance : 447 ft
|
|
Pitching: RHP Onne Stubbe
|
|
|
Batting: LHB Hugo MacBeth
|
0-0: Ball 1-0: Ball 2-0: Ball 3-0: Base on Balls
|
|
Batting: LHB Carlos Cuellar
|
0-0: Swinging Strike 0-1: Ball 1-1: Foul Ball, location: 2F 1-2: Hit by Pitch Hugo MacBeth to second
|
|
Batting: SHB Isaiah Scates
|
0-0: Ball 1-0: Called Strike 1-1: Ball 2-1: Foul Ball, location: 2F 2-2: Strikes out looking
|
|
Batting: LHB Tony Contreras
|
0-0: Ball 1-0: Called Strike 1-1: Ball 2-1: Ball 3-1: DOUBLE (Flyball, 8LXD, EV 106.2 MPH) Hugo MacBeth scores Carlos Cuellar to third
|
|
Batting: RHB Brian DeVoe
|
0-0: 3-RUN HOME RUN (Flyball, 7D, EV 99.4 MPH), Distance : 387 ft
|
|
Pitching: RHP Frank Elizondo
|
|
|
Batting: RHB Aaron Joseph
|
0-0: Foul Ball, location: 2F 0-1: SINGLE (Line Drive, 4D, EV 100.0 MPH)
|
|
Batting: RHB Ed Oake
|
0-0: Reached on error, E3 (Groundball, 3, EV 81.9 MPH) Aaron Joseph to second
|
|
Batting: LHB Phil Lerner
|
0-0: Ball 1-0: Foul Ball, location: 2F 1-1: Ball 2-1: SINGLE (Groundball, 6MD, EV 101.9 MPH) Aaron Joseph to third Ed Oake to second Runner from 3rd tries for Home, SAFE, throw by CF to home
|
|
Batting: RHB Max Stillo
|
0-0: Ball 1-0: Ball 2-0: Swinging Strike 2-1: Ball 3-1: Base on Balls Ed Oake to third Phil Lerner to second
|
|
Batting: LHB Hugo MacBeth
|
0-0: DOUBLE (Line Drive, 9LM, EV 104.4 MPH) Ed Oake scores Phil Lerner scores Max Stillo to third
|
|
Batting: LHB Carlos Cuellar
|
0-0: Ball 1-0: Called Strike 1-1: Ball 2-1: Ground out U3 (Groundball, 3, EV 86.9 MPH)
|
|
Batting: SHB Isaiah Scates
|
0-0: Ball 1-0: Ball 2-0: Called Strike 2-1: Ground out 5-3 (Groundball, 56S, EV 86.9 MPH)
|
| Top of the 5th over - 8 runs, 6 hits, 1 error, 2 left on base; San Diego (APP) 13 - Bristol 0 |
| BOTTOM OF THE 5TH |
|
Bristol Pirates batting - Pitching for San Diego (APP) Padres : LHP Dae-Jung Cho
|
|
Batting: SHB Ronnie Brooks
|
0-0: Ground out 5-3 (Groundball, 56, EV 81.9 MPH)
|
|
Batting: RHB Steve Terres
|
0-0: Swinging Strike 0-1: Ball 1-1: Foul Ball, location: 2F 1-2: Ball 2-2: Strikes out swinging
|
|
Batting: RHB Alain Marquet
|
0-0: Swinging Strike 0-1: Ball 1-1: Ball 2-1: Ball 3-1: Called Strike 3-2: Strikes out swinging
|
| Bottom of the 5th over - 0 runs, 0 hits, 0 errors, 0 left on base; San Diego (APP) 13 - Bristol 0 |
| TOP OF THE 6TH |
|
San Diego (APP) Padres batting - Pitching for Bristol Pirates : RHP Frank Elizondo
|
|
Pitching: RHP Randy Boone
|
|
|
Batting: LHB Tony Contreras
|
0-0: Called Strike 0-1: Foul Ball, location: 2F 0-2: Ball 1-2: Ground out 5-3 (Groundball, 5S, EV 84.4 MPH)
|
|
Batting: RHB Brian DeVoe
|
0-0: Ball 1-0: Ball 2-0: Ball 3-0: Base on Balls
|
|
Batting: RHB Aaron Joseph
|
0-0: Ball 1-0: Ball 2-0: Ball 3-0: Grounds out, U3 (Groundball, 3L, EV 102.5 MPH)
|
|
Batting: RHB Ed Oake
|
0-0: Ball 1-0: Swinging Strike 1-1: Swinging Strike 1-2: Ball 2-2: Foul Ball, location: 2F 2-2: Strikes out swinging
|
| Top of the 6th over - 0 runs, 0 hits, 0 errors, 1 left on base; San Diego (APP) 13 - Bristol 0 |
| BOTTOM OF THE 6TH |
|
Bristol Pirates batting - Pitching for San Diego (APP) Padres : LHP Dae-Jung Cho
|
|
Batting: RHB Andrew DeRicco
|
0-0: Foul Ball, location: 2F 0-1: Foul Ball, location: 2F 0-2: Ball 1-2: Foul Ball, location: 2F 1-2: Ball 2-2: Foul Ball, location: 2F 2-2: Ball 3-2: Strikes out swinging
|
|
Batting: RHB Rob Colley
|
0-0: Ball 1-0: Foul Ball, location: 2F 1-1: Ball 2-1: Foul Ball, location: 2F 2-2: Foul Ball, location: 2F 2-2: Foul Ball, location: 2F 2-2: Foul Ball, location: 2F 2-2: Foul Ball, location: 2F 2-2: Ball 3-2: Fly out, F8 (Flyball, 8RXD, EV 104.4 MPH)
|
|
Batting: RHB Erik Mulligan
|
0-0: Called Strike 0-1: Ground out 5-3 (Groundball, 56S, EV 67.5 MPH)
|
| Bottom of the 6th over - 0 runs, 0 hits, 0 errors, 0 left on base; San Diego (APP) 13 - Bristol 0 |
| TOP OF THE 7TH |
|
San Diego (APP) Padres batting - Pitching for Bristol Pirates : RHP Randy Boone
|
|
Pitching: LHP Adam Clarke
|
|
|
Batting: LHB Phil Lerner
|
0-0: Ball 1-0: Called Strike 1-1: Swinging Strike 1-2: Ball 2-2: Ball 3-2: Base on Balls
|
|
Batting: RHB Max Stillo
|
0-0: Ball 1-0: Ball Wild Pitch! Phil Lerner to second 2-0: Ball 3-0: Called Strike 3-1: Base on Balls
|
|
Batting: LHB Hugo MacBeth
|
0-0: Called Strike 0-1: Ball 1-1: Foul Ball, location: 2F 1-2: Ball 2-2: Strikes out swinging
|
|
Batting: LHB Carlos Cuellar
|
0-0: SINGLE (Groundball, 4D, EV 107.5 MPH) Phil Lerner to third Max Stillo to second Runner from 3rd tries for Home, SAFE, throw by CF to home Max Stillo to third Carlos Cuellar to second
|
|
Batting: SHB Isaiah Scates
|
0-0: Ball 1-0: Foul Ball, location: 2F 1-1: Ball 2-1: Ball 3-1: Base on Balls
|
|
Pitching: RHP Otok Barleyfoot
|
|
|
Batting: LHB Tony Contreras
|
0-0: Ball 1-0: Called Strike 1-1: Ball 2-1: Ball 3-1: Base on Balls Max Stillo scores Carlos Cuellar to third Isaiah Scates to second
|
|
Batting: RHB Brian DeVoe
|
0-0: Ball Passed Ball! Carlos Cuellar scores Isaiah Scates to third Tony Contreras to second 1-0: Ball 2-0: Foul Ball, location: 2F 2-1: Swinging Strike Passed Ball! Isaiah Scates scores Tony Contreras to third 2-2: Ball 3-2: Base on Balls
|
|
Pinch Hitting: LHB Lu-po-teh Zhou
|
0-0: Ball 1-0: Foul Ball, location: 2F 1-1: Foul Ball, location: 2F 1-2: Ball 2-2: Foul Ball, location: 2F 2-2: Foul Ball, location: 2F 2-2: Foul Ball, location: 2F 2-2: Strikes out looking
|
|
Pitching: RHP Jerry Spitler
|
|
|
Batting: RHB Ed Oake
|
0-0: Foul Ball, location: 2F 0-1: Ball 1-1: Ball Wild Pitch! Tony Contreras scores Brian DeVoe to second 2-1: SINGLE (Groundball, 34S, EV 63.8 MPH) (infield hit) Brian DeVoe to third
|
|
Batting: LHB Phil Lerner
|
0-0: Swinging Strike 0-1: Foul Ball, location: 2F 0-2: Ball 1-2: Ball 2-2: Ground out U3 (Groundball, 3, EV 102.5 MPH)
|
| Top of the 7th over - 5 runs, 2 hits, 0 errors, 2 left on base; San Diego (APP) 18 - Bristol 0 |
| BOTTOM OF THE 7TH |
|
Bristol Pirates batting - Pitching for San Diego (APP) Padres : LHP Dae-Jung Cho
|
|
Now at 1B: Conor Barron
|
|
|
Batting: SHB Don Hauk
|
0-0: Ball 1-0: Foul Ball, location: 2F 1-1: Called Strike 1-2: Ball 2-2: Ball 3-2: Ground out U3 (Groundball, 3L, EV 109.4 MPH)
|
|
Batting: RHB Pete Hutton
|
0-0: Ball 1-0: Ground out U3 (Groundball, 3L, EV 107.5 MPH)
|
|
Batting: RHB Randy Bergman
|
0-0: Foul Ball, location: 2F 0-1: Foul Ball, location: 2F 0-2: Ground out 6-3 (Groundball, 6, EV 87.5 MPH)
|
| Bottom of the 7th over - 0 runs, 0 hits, 0 errors, 0 left on base; San Diego (APP) 18 - Bristol 0 |
| TOP OF THE 8TH |
|
San Diego (APP) Padres batting - Pitching for Bristol Pirates : RHP Jerry Spitler
|
|
Batting: RHB Max Stillo
|
0-0: Ball 1-0: Ball 2-0: Ball 3-0: Called Strike 3-1: Foul Ball, location: 2F 3-2: Strikes out looking
|
|
Batting: LHB Hugo MacBeth
|
0-0: Ball 1-0: Foul Ball, location: 2F 1-1: Ball 2-1: Ball 3-1: Base on Balls
|
|
Pitching: LHP Alfredo Carranza
|
|
|
Batting: LHB Carlos Cuellar
|
0-0: Foul Ball, location: 2F 0-1: Ball 1-1: Foul Ball, location: 2F 1-2: Fielders Choice at 2nd, 6-4 (Groundball, 6M, EV 106.9 MPH)
|
|
Batting: SHB Isaiah Scates
|
0-0: Ball 1-0: Foul Ball, location: 2F 1-1: Foul Ball, location: 2F 1-2: Ball 2-2: Fly out, F8 (Flyball, 8LM, EV 98.1 MPH)
|
| Top of the 8th over - 0 runs, 0 hits, 0 errors, 1 left on base; San Diego (APP) 18 - Bristol 0 |
| BOTTOM OF THE 8TH |
|
Bristol Pirates batting - Pitching for San Diego (APP) Padres : LHP Dae-Jung Cho
|
|
Batting: SHB Ronnie Brooks
|
0-0: Ball 1-0: Ball 2-0: Fly out, F8 (Line Drive, 8LD, EV 93.1 MPH)
|
|
Batting: RHB Steve Terres
|
0-0: Called Strike 0-1: Ball 1-1: Ball 2-1: SINGLE (Groundball, 3S, EV 68.1 MPH) (infield hit)
|
|
Batting: RHB Alain Marquet
|
0-0: Ball 1-0: Foul Ball, location: 2F 1-1: Fly out, F4 (Popup, 4D, EV 59.4 MPH)
|
|
Batting: RHB Andrew DeRicco
|
0-0: Called Strike 0-1: Swinging Strike 0-2: Ball 1-2: Foul Ball, location: 2F 1-2: Ball 2-2: Foul Ball, location: 2F 2-2: Strikes out swinging
|
| Bottom of the 8th over - 0 runs, 1 hit, 0 errors, 1 left on base; San Diego (APP) 18 - Bristol 0 |
| TOP OF THE 9TH |
|
San Diego (APP) Padres batting - Pitching for Bristol Pirates : LHP Alfredo Carranza
|
|
Batting: LHB Tony Contreras
|
0-0: Called Strike 0-1: Foul Ball, location: 2F 0-2: Ball 1-2: SINGLE (Line Drive, 78S, EV 92.5 MPH)
|
|
Batting: RHB Brian DeVoe
|
0-0: Foul Ball, location: 2F 0-1: Ball 1-1: Ball 2-1: Ball 3-1: Called Strike 3-2: Foul Ball, location: 2F 3-2: Base on Balls Tony Contreras to second
|
|
Batting: LHB Conor Barron
|
0-0: Called Strike 0-1: Called Strike 0-2: Ball 1-2: Ball 2-2: Ball 3-2: Base on Balls Tony Contreras to third Brian DeVoe to second
|
|
Batting: RHB Ed Oake
|
0-0: Ball 1-0: Swinging Strike 1-1: Foul Ball, location: 2F 1-2: Hit by Pitch Tony Contreras scores Brian DeVoe to third Conor Barron to second
|
|
Batting: LHB Phil Lerner
|
0-0: Ball 1-0: Foul Ball, location: 2F 1-1: SINGLE (Groundball, 6MS, EV 63.1 MPH) (infield hit) Brian DeVoe scores Conor Barron to third Ed Oake to second
|
|
Batting: RHB Max Stillo
|
0-0: Called Strike 0-1: Ball 1-1: Ball 2-1: Ball 3-1: Foul Ball, location: 2F 3-2: Base on Balls Conor Barron scores Ed Oake to third Phil Lerner to second
|
|
Batting: LHB Hugo MacBeth
|
0-0: Ball 1-0: Called Strike 1-1: Foul Ball, location: 2F 1-2: Strikes out swinging
|
|
Batting: LHB Carlos Cuellar
|
0-0: Called Strike 0-1: Ball 1-1: Called Strike 1-2: Strikes out looking
|
|
Batting: SHB Isaiah Scates
|
0-0: Ball 1-0: Ball 2-0: Swinging Strike 2-1: Called Strike 2-2: Ball 3-2: Base on Balls Ed Oake scores Phil Lerner to third Max Stillo to second
|
|
Batting: LHB Tony Contreras
|
0-0: Called Strike 0-1: Called Strike 0-2: Ball 1-2: Strikes out swinging
|
| Top of the 9th over - 4 runs, 2 hits, 0 errors, 3 left on base; San Diego (APP) 22 - Bristol 0 |
| BOTTOM OF THE 9TH |
|
Bristol Pirates batting - Pitching for San Diego (APP) Padres : LHP Dae-Jung Cho
|
|
Batting: RHB Rob Colley
|
0-0: Called Strike 0-1: Ball 1-1: Ball 2-1: Ball 3-1: Base on Balls
|
|
Pitching: RHP Nick Goodlow
|
|
|
Batting: RHB Erik Mulligan
|
0-0: Called Strike 0-1: Foul Ball, location: 2F 0-2: Foul Ball, location: 2F 0-2: Ball 1-2: Foul Ball, location: 2F 1-2: Ball 2-2: Ball 3-2: Base on Balls Rob Colley to second
|
|
Batting: SHB Don Hauk
|
0-0: Swinging Strike 0-1: Called Strike 0-2: Foul Ball, location: 2F 0-2: Ball 1-2: Ball 2-2: Strikes out swinging
|
|
Batting: RHB Pete Hutton
|
0-0: Called Strike 0-1: Called Strike 0-2: Foul Ball, location: 2F 0-2: Ball 1-2: Ball 2-2: Ball 3-2: Strikes out swinging
|
|
Batting: RHB Randy Bergman
|
0-0: Ground out 5-3 (Groundball, 56S, EV 93.1 MPH)
|
| Bottom of the 9th over - 0 runs, 0 hits, 0 errors, 2 left on base; San Diego (APP) 22 - Bristol 0 |
|